 Dungeon Crawl Stone Soup version 0.29-a0-577-gafbf2c5d25 (webtiles) character file.

Game seed: 7530018099801350951

11 dolemite99 the Chopper (level 2, 22/26 HPs)
             Began as a Minotaur Monk on June 13, 2022.
             Was a Believer of Sif Muna.
             Quit the game on level 1 of the Dungeon.
             The game lasted 00:00:28 (616 turns).

dolemite99 the Chopper (Minotaur Monk)               Turns: 616, Time: 00:00:29

Health: 22/26      AC:  2    Str: 15    XL:     2   Next: 17%
Magic:  1/1        EV: 12    Int:  7    God:    Sif Muna [**....]
Gold:   22         SH:  0    Dex: 12    Spells: 1/1 levels left

rFire   . . .      SeeInvis .   a - +0 hand axe
rCold   . . .      Faith    .   (no shield)
rNeg    . . .      Spirit   .   b - +0 robe
rPois   .          Reflect  .   (helmet restricted)
rElec   .          Harm     .   (no cloak)
rCorr   .          Rampage  .   (no gloves)
Will    .....                   (no boots)
Stlth   ++........              (no amulet)
HPRegen 0.08/turn               (no ring)
MPRegen 0.07/turn               (no ring)

@: no status effects
A: horns 2, retaliatory headbutt
a: Renounce Religion, Channel Magic


You were on level 1 of the Dungeon.
You worshipped Sif Muna.
Sif Muna was pleased with you.
You visited 1 branch of the dungeon, and saw 1 of its levels.

You collected 22 gold pieces.

Inventory:

Hand Weapons
 a - a +0 hand axe (weapon)
Armour
 b - a +0 robe (worn)
Jewellery
 d - a ring of willpower
Scrolls
 f - a scroll of immolation
Potions
 c - a potion of ambrosia
 e - a potion of mutation {unknown}


   Skills:
 - Level 3.6 Fighting
 + Level 4.5 Axes
 - Level 3.2 Dodging
 - Level 1.5 Stealth


You had one spell level left.
You didn't know any spells.
Your spell library contained the following spells:

 Spells                   Type           Power      Damage    Failure   Level
 Shock                    Conj/Air       0%         1d3       43%         1
 Swiftness                Air            0%         N/A       80%         3
 Airstrike                Air            0%         N/A       99%         4


Dungeon Overview and Level Annotations

Branches:
Dungeon (1/15)

Altars:
Sif Muna


Innate Abilities, Weirdness & Mutations

You have a pair of horns on your head.
You reflexively headbutt those who attack you in melee.


Message History

The ball python bites you but does no damage.
The ball python constricts you.
You barely miss the ball python. You headbutt the ball python.
You kill the ball python!
You now have 11 gold pieces.
You pick up a book of Air and begin reading...
You add the spells Shock, Swiftness and Airstrike to your library.
There are no items here.
You open the door.
There is an open door here.
You now have 22 gold pieces (gained 11).
You open the door.
There is an open door here.
e - a metallic purple potion
Found a scroll of immolation.
Found a faded altar of an unknown god.
Found a spear.
A frilled lizard and a kobold come into view.
A hobgoblin comes into view.
Found 26 gold pieces and a scroll labelled OTTOOS DAFETA.
The hobgoblin shouts!
A goblin comes into view.
It is wielding a +1 dagger of protection.
The goblin shouts!
The frilled lizard hisses angrily.
The frilled lizard bites you but does no damage.
There is a faded altar of an unknown god here.
You see here a scroll of immolation.
f - a scroll of immolation The frilled lizard bites you but does no damage.
You hit the goblin but do no damage. You barely miss the frilled lizard.
The frilled lizard bites you.
The goblin hits you with a +1 dagger of protection.
You cannot tell which god this altar belongs to.
Convert to them anyway?
Sif Muna accepts your prayer! Sif Muna welcomes you!
You can now call upon Sif Muna for magical energy.
The frilled lizard closely misses you. You furiously retaliate!
You headbutt the frilled lizard.
You kill the frilled lizard!
Sif Muna accepts your kill.
The goblin hits you with a +1 dagger of protection.
Are you sure you want to abandon this character and quit the game? (Confirm with "yes".)

#K...# #.#######..##
##.##..####.## ...#
. ............##.#
####
..##)....#.........#
....#.###.#...###.##
#...........#
##....#.....#
#......#.......
+....@..#....##
##...g†#.##..#
.....#..g..$...#
..##.....?.#...# .
....#....... #$.##
..#.#.. ... ..... .
#### ......


You could see a hobgoblin and a goblin.

Vanquished Creatures
  2 ball pythons (D:1)
  A bat (D:1)
  3 jackals (D:1)
  A kobold (D:1)
  A frilled lizard (D:1)
  A goblin (D:1)
  A rat (D:1)
10 creatures vanquished.

Notes
Turn   | Place    | Note
-------+----------+-------------------------------------------
     0 | D:1      | dolemite99 the Minotaur Monk began the quest for the Orb.
     0 | D:1      | Reached XP level 1. HP: 19/19 MP: 0/0
    41 | D:1      | Reached skill level 4 in Axes
   423 | D:1      | Reached XP level 2. HP: 26/26 MP: 1/1
   605 | D:1      | Found a faded altar of an unknown god.
   615 | D:1      | Prayed at the altar of an unknown god.
   615 | D:1      | Became a worshipper of Sif Muna the Loreminder
   615 | D:1      | Reached * piety under Sif Muna
   615 | D:1      | Reached ** piety under Sif Muna
   616 | D:1      | Quit the game

Illustrated notes

Levels and vault maps discovered:
D:1:      dpeg_arrival_rooms_c, layout_basic, serial_shops,
          nicolae_shop_crystal, hellmonk_ecumenical_altar_blasted

Skill      XL: |  1 |
---------------+----+-----
Axes           | 4 |  4.5
Fighting       | |  3.6
Dodging        | |  3.2
Stealth        | |  1.5

Action                   || total
-------------------------++-------
Melee: Hand axe          ||    27
       Headbutt          ||     4
 Stab: Sleeping          ||     2
Armor: Robe              ||     9
Dodge: Dodged            ||    14

Table legend: (Time is in decaauts)
 A = Elapsed time spent in this place.
 B = Non-inter-level travel time spent in this place.
 C = Inter-level travel time spent in this place.
 D = Time resting spent in this place.
 E = Time spent auto-exploring this place.
 F = Levels seen in this place.
 G = Mean time per level.
                   A        B        C        D        E       F      G
               +--------+--------+--------+--------+--------+-----+--------+
         Total |    618 |    618 |      0 |    354 |    177 |   1 |  618.0 |
       Dungeon |    618 |    618 |      0 |    354 |    177 |   1 |  618.0 |
               +--------+--------+--------+--------+--------+-----+--------+

Top non-repeatable levels by time:
     D:1: 618 daAuts
